 Dungeon Crawl Stone Soup version 0.17-a0-1946-gfb768fe (webtiles) character file.

219 achirane the Ruffian (level 5, -2/46 HPs)
             Began as a Troll Transmuter on Oct 1, 2015.
             Was an Initiate of Qazlal.
             Shot with an arrow by a centaur (6 damage)
             ... on level 5 of the Dungeon.
             The game lasted 00:08:04 (993 turns).

achirane the Ruffian (Troll Transmuter)              Turns: 993, Time: 00:08:04

Health: -2/46      AC:  5    Str: 18    XL:     5   Next: 64%
Magic:  5/5        EV: 10    Int:  9    God:    Qazlal [......]
Gold:   101        SH:  0    Dex: 11    Spells: 1 memorised, 5 levels left

rFire  . . .     SeeInvis +       - Unarmed
rCold  . . .     Clarity  .     b - +0 robe
rNeg   . . .     SustAt   .     (no shield)
rPois  .         Gourm    +     (helmet restricted)
rElec  .         Spirit   .     (no cloak)
rCorr  .         Warding  .     (gloves unavailable)
rMut   .         Stasis   .     (boots unavailable)
MR     .....                    (no amulet)
Stlth  +.........               p - ring of wizardry {Wiz+, !d}
                                l - ring of see invisible {sInv, !d}

@: not resistant to hostile enchantments, very unstealthy
A: unfitting armour, claws 3, fast metabolism 3, gourmand, regeneration 2,
shaggy fur 1, tough skin 2
a: Renounce Religion


You were on level 5 of the Dungeon.
You worshipped Qazlal.
Qazlal was noncommittal.
You were not hungry.

You visited 1 branch of the dungeon, and saw 5 of its levels.

You collected 101 gold pieces.

Inventory:

Hand weapons
 j - a +0 hunting sling
   (You found it on level 1 of the Dungeon)
Missiles
 a - 33 arrows
 g - 6 arrows of frost
 n - 17 sling bullets
 t - 2 tomahawks (quivered)
Armour
 b - a +0 robe (worn)
Jewellery
 l - a ring of see invisible (left claw) {sInv, !d}
   (You found it on level 2 of the Dungeon)
 p - a ring of wizardry (right claw) {Wiz+, !d}
   (You found it on level 4 of the Dungeon)
Scrolls
 i - 2 scrolls of amnesia {unknown}
 q - a scroll of identify {unknown}
 r - a scroll of teleportation {unknown}
Potions
 e - 4 potions of curing
 h - a potion of might {unknown}
 k - a potion of heal wounds {unknown}
 s - a potion of ambrosia {unknown}
Books
 c - a book of Changes
Comestibles
 d - 4 bread rations {@e1}
 f - 5 chunks of flesh {@w0}
 m - a meat ration {@e2}
 o - a beef jerky


   Skills:
 - Level 0.7 Fighting
 - Level 1.5 Dodging
 + Level 4.4 Unarmed Combat
 - Level 1.2 Spellcasting
 * Level 3.7 Transmutations


You had 5 spell levels left.
You knew the following spells:

 Your Spells              Type           Power        Failure   Level  Hunger
a - Beastly Appendage     Trmt           #.....       4%          1    ##.....


Dungeon Overview and Level Annotations

Branches:
Dungeon (5/15)
 Temple: D:4-7

Altars:
Makhleb
Qazlal


Innate Abilities, Weirdness & Mutations

You are too large for most types of armour.
You have claws for hands.
Your metabolism is lightning-fast.
You like to eat raw meat.
You heal very quickly.
You are covered in fur (AC +1).
You have very tough skin (AC +2).


Message History

You are no longer poisoned.
You now have 101 gold pieces (gained 9).
You regained 3 hp, and now have 39/46 hp.
There is a stone staircase leading down here.
You climb downwards.
There is a stone staircase leading up here.
A hound comes into view.
A shadow imp comes into view.
The shadow imp shouts!
The shadow imp shouts, "Flee, thou yeasty rude-growing flirt-gill!"
Throwing (i - inventory):
t - 3 tomahawks (quivered)
Press: ? - help, Shift-Dir - straight line, f - shadow imp
Aim: a shadow imp You throw a tomahawk.
The tomahawk closely misses the hound.
The tomahawk closely misses the shadow imp.
The hound barks!
Throwing (i - inventory):
t - 2 tomahawks (quivered)
Press: ? - help, Shift-Dir - straight line, f/p - shadow imp
Aim: a shadow imp You throw a tomahawk.
The tomahawk hits the hound but does no damage.
The shadow imp shouts, "Go and return not, thou defiled fool-headed wormtrail!"
The hound bites you.
You take 3 damage, and have 41/46 hp.
You closely miss the hound. The hound closely misses you.
You claw the hound!
The hound is heavily wounded.
The hound completely misses you.
You claw the hound!
You kill the hound!
Qazlal accepts your kill.
You barely miss the shadow imp.
The shadow imp hits you but does no damage.
You claw the shadow imp!
You kill the shadow imp!
Qazlal accepts your kill.
You see here a hound corpse.
You butcher the hound corpse.
f - 5 chunks of flesh {@w0} (gained 3) Health restored: 46
t - 2 tomahawks (gained 1)
A hound comes into view.
The hound barks!
The hound bites you. The hound closely misses you.
You take 4 damage, and have 42/46 hp.
You claw the hound!
The hound is severely wounded.
The hound closely misses you.
You scratch the hound.
The hound is severely wounded.
The hound barely misses you.
You closely miss the hound. Your claw misses the hound.
The hound is severely wounded.
The hound bites you. x2
You take 2 damage, and have 41/46 hp.
You closely miss the hound.
The hound is severely wounded.
The hound bites you.
You take 1 damage, and have 40/46 hp.
You claw the hound!
You kill the hound!
Qazlal accepts your kill.
You see here a hound corpse.
Found a burning altar of Makhleb.
Health restored: 46 A centaur comes into view.
The centaur wields a shortbow.
The centaur shoots an arrow.
The arrow hits you!
You see here an arrow.
You take 11 damage, and have 35/46 hp.
MASSIVE DAMAGE!!
A centaur and a skeleton come into view.
The centaur shouts!
The centaur wields a shortbow.
The centaur shoots an arrow.
The arrow barely misses you.
The centaur shoots an arrow.
The arrow hits you!
You see here 2 arrows.
You take 14 damage, and have 21/46 hp.
MASSIVE DAMAGE!!
The centaur shoots an arrow.
The arrow hits you.
You take 3 damage, and have 19/46 hp.
Read which item? (? for menu, Esc to quit)
Okay, then.
Drink which item? (? for menu, Esc to quit)
Okay, then.
The centaur shoots an arrow.
The arrow hits you!
* * * LOW HITPOINT WARNING * * *
You see here an arrow.
You take 11 damage, and have 8/46 hp.
MASSIVE DAMAGE!!
Drink which item? (? for menu, Esc to quit)
Okay, then.
Drink which item? (? for menu, Esc to quit)
Okay, then.
Drink which item? (? for menu, Esc to quit)
It was a potion of curing.
Not wearing; Degree: 0 You feel better.
The centaur shoots an arrow.
The arrow completely misses you.
You regained 5 hp, and now have 13/46 hp.
The centaur shoots an arrow.
The arrow hits you!
* * * LOW HITPOINT WARNING * * *
You see here an arrow.
You take 9 damage, and have 4/46 hp.
The centaur shoots an arrow.
The arrow hits you.
You die...

......... #....#.#
#....#.#
######....#%#####..
.......cc((........
####....##.######
#....(.## ## #.####(#
##.## #.# #@#
##.#.###.# #.##.....
#.#...##.####.#_.....
#............##.....
##†####.#######8...8
#.# #.#### ##8## #.#
#....# #### #.#
####.# ##.##### #.##
# #......#


You could see 2 centaurs.

Vanquished Creatures
  2 hounds (D:5)
  An iguana (D:5)
  An orc wizard (D:3)
  A worker ant (D:5)
  3 adders
  A shadow imp (D:5)
  2 worms
  A giant gecko (D:1)
  4 orcs (D:3)
  A giant cockroach (D:1)
  5 hobgoblins
  2 jackals (D:1)
  A ball python (D:2)
  3 bats (D:1)
  2 giant newts
  6 goblins
  7 kobolds
  A rat (D:1)
44 creatures vanquished.

Notes
Turn   | Place    | Note
--------------------------------------------------------------
     0 | D:1      | achirane the Troll Transmuter began the quest for the Orb.
     0 | D:1      | Reached XP level 1. HP: 18/18 MP: 1/1
    92 | D:1      | Reached XP level 2. HP: 14/26 MP: 2/2
   119 | D:1      | Reached skill level 2 in Transmutations
   424 | D:2      | Reached XP level 3. HP: 30/32 MP: 3/3
   565 | D:2      | Found a stormy altar of Qazlal.
   580 | D:2      | Became a worshipper of Qazlal Stormbringer
   682 | D:3      | Reached skill level 3 in Transmutations
   682 | D:3      | Reached XP level 4. HP: 17/40 MP: 4/4
   779 | D:5      | Entered Level 5 of the Dungeon
   786 | D:5      | Reached skill level 4 in Unarmed Combat
   834 | D:5      | HP: 9/40 [poisoned by a worker ant]
   835 | D:5      | Reached XP level 5. HP: 10/46 MP: 5/5
   839 | D:5      | HP: 8/46 [poisoned by a worker ant]
   845 | D:5      | HP: 6/46 [poisoned by a worker ant]
   850 | D:5      | HP: 6/46 [poisoned by a worker ant]
   855 | D:5      | HP: 7/46 [poisoned by a worker ant]
   862 | D:5      | HP: 9/46 [poisoned by a worker ant]
   870 | D:5      | HP: 11/46 [poisoned by a worker ant]
   972 | D:5      | Found a burning altar of Makhleb.
   984 | D:5      | Noticed a centaur
   987 | D:5      | Noticed a centaur
   990 | D:5      | HP: 8/46 [centaur/arrow (12)]
   993 | D:5      | Shot with an arrow by a centaur

Vault maps used:
D:1:      scummos_arrival_simple_fountains, minmay_misc_feat_square
D:2:      grunt_temple_overflow_cloverleaf, lemuel_crystal_altar
D:4:      minmay_temple_entry_statues_fountains, first_bread,
          cheibriados_altar_1
D:5:      nicolae_overflow_hidden_temple, kennysheep_big_empty_room

Action                   |  1- 3 |  4- 6 || total
-------------------------+-------+-------++-------
Melee: Unarmed           |    87 |    32 ||   119
Throw: Tomahawk          |    12 |    10 ||    22
  Use: Potion            |       |     1 ||     1
 Stab: Sleeping          |     1 |       ||     1
  Eat: Chunk             |     3 |     3 ||     6

Vault maps used:
D:1:      scummos_arrival_simple_fountains, minmay_misc_feat_square
D:2:      grunt_temple_overflow_cloverleaf, lemuel_crystal_altar
D:4:      minmay_temple_entry_statues_fountains, first_bread,
          cheibriados_altar_1
D:5:      nicolae_overflow_hidden_temple, kennysheep_big_empty_room

Table legend:
 A = Turns spent in this place as a percentage of turns spent in the entire game.
 B = Non-inter-level travel turns spent in this place as a percentage of non-inter-level travel turns spent in the entire game.
 C = Inter-level travel turns spent in this place as a percentage of turns spent in this place.
 D = Turns resting spent in this place as a percentage of non-inter-level travel turns spent in this place.
 E = Turns spent auto-exploring this place as a percentage of non-inter-level travel turns spent in this place.
 F = Non-inter-level travel turns spent in this place divided by the number of levels of this place that you've seen.
                   A       B       C       D       E      F
               +-------+-------+-------+-------+-------+----------------------
         Total | 100.0 | 100.0 |   0.0 |   0.4 |   4.1 | 111.6
       Dungeon | 100.0 | 100.0 |   0.0 |   0.4 |   4.1 | 111.6
               +-------+-------+-------+-------+-------+----------------------

Table legend:
 A = Kills in this place as a percentage of kills in entire the game.
 B = Kills by you in this place as a percentage of kills by you in the entire game.
 C = Kills by friends in this place as a percentage of kills by friends in the entire game.
 D = Other kills in this place as a percentage of other kills in the entire game.
 E = Experience gained in this place as a percentage of experience gained in the entire game.
 F = Experience gained in this place divided by the number of levels of this place that you have seen.
                   A       B       C       D       E      F
               +-------+-------+-------+-------+-------+----------------------
         Total | 100.0 | 100.0 |  -nan |  -nan | 100.0 |  62.8
       Dungeon | 100.0 | 100.0 |  -nan |  -nan | 100.0 |  62.8
               +-------+-------+-------+-------+-------+----------------------
